 Dungeon Crawl Stone Soup version 0.32-a0-630-g46d191b0ed (webtiles) character file.

Game seed: 14558813306513466901

40005 Juicyj the Cleaver (level 13, -1/115 HPs)
             Began as a Mountain Dwarf Fighter on Mar 5, 2024.
             Was a High Priest of Beogh.
             Slain by a skeletal warrior
             ... wielding a +0 glaive
              (22 damage)
             ... on level 15 of the Dungeon on Mar 6, 2024.
             The game lasted 00:43:25 (14960 turns).

Juicyj the Cleaver (Mountain Dwarf Fighter)        Turns: 14960, Time: 00:43:25

Health: -1/115     AC: 22    Str: 26    XL:     13   Next: 72%
Magic:  0/15       EV: 10    Int: 12    God:    Beogh [*****.]
Gold:   368        SH: 11    Dex: 13    Spells: 12/15 levels left

rFire   + . .        a - +0 war axe (venom)
rCold   + + +        o - +0 kite shield
rNeg    . . .        h - +0 plate armour
rPois   +            y - +1 helmet "Dufut" {rElec}
rElec   +            p - scarf {rC+ rF+}
rCorr   +            b - +0 pair of gloves {infuse}
SInv    .            u - +2 pair of boots
Will    ++...        x - amulet of Arrival {+Inv rC+ Will+ Regen+} Stlth
                     i - ring of Rofrin {rPois rC+ Dex+4}
HPRegen 1.19/turn    G - ring of Grace {rCorr Str+3 Int+2}
MPRegen 0.14/turn

%: random rage (3%)
@: silenced
A: walk on water, runic magic, artefact enchanting, claws 1, berserk 1, mutation
resistance 1
a: Renounce Religion, Evoke Invisibility


You were on level 15 of the Dungeon.
You worshipped Beogh.
Beogh was extremely pleased with you.
You visited 1 branch of the dungeon, and saw 15 of its levels.
You visited 1 bazaar.
You also visited: Gauntlet.

You collected 1054 gold pieces.
You spent 686 gold pieces at shops.

Inventory:

Hand Weapons
 a - a +0 war axe of venom (weapon)
 N - a +0 war axe of flaming
Armour
 b - a +0 pair of gloves of infusion (worn)
 h - a +0 plate armour (worn)
 o - a +0 kite shield (worn)
 p - a scarf of resistance (worn)
 u - a +2 pair of boots (worn)
 y - the +1 helmet "Dufut" (worn) {rElec}
   (You found it in a Gauntlet)

   rElec:     It insulates you from electricity.
Jewellery
 i - the ring of Rofrin (left hand) {rPois rC+ Dex+4}
   (You found it in a Gauntlet)

   [ring of protection from cold]

   Dex+4:     It affects your dexterity (+4).
   rC+:       It protects you from cold.
   rPois:     It protects you from poison.
 x - the amulet of Arrival (around neck) {+Inv rC+ Will+ Regen+}
   (You found it on level 3 of the Dungeon)

   [amulet of regeneration]

   rC+:       It protects you from cold.
   Will+:     It increases your willpower.
   +Inv:      It lets you turn invisible.
   Regen+:    It increases your rate of health regeneration.
 G - the ring of Grace (right hand) {rCorr Str+3 Int+2}
   (You found it on level 5 of the Dungeon)

   [ring of resist corrosion]

   Str+3:     It affects your strength (+3).
   Int+2:     It affects your intelligence (+2).
   rCorr:     It protects you from acid and corrosion.
Wands
 s - a wand of light (13)
 v - a wand of flame (25)
 E - a wand of mindburst (8)
 H - a wand of polymorph (12)
 I - a wand of charming (12)
 O - a wand of warping (3)
Scrolls
 e - a scroll of amnesia
 g - 4 scrolls of teleportation
 l - a scroll of torment
 q - 2 scrolls of fog
 A - 5 scrolls of vulnerability
 B - a scroll of noise
 J - 3 scrolls of immolation
 L - 2 scrolls of identify
 M - a scroll of blinking
 Q - a scroll of revelation
 T - a scroll of poison
Potions
 c - 2 potions of attraction
 d - 3 potions of might
 f - a potion of cancellation
 j - 3 potions of haste
 m - 2 potions of mutation
 t - 3 potions of enlightenment
 C - 3 potions of degeneration
 D - a potion of invisibility
 K - a potion of heal wounds
 P - 2 potions of curing
 S - a potion of brilliance
 U - a potion of berserk rage
Miscellaneous
 F - a condenser vane


   Skills:
 + Level 10.8 Fighting
 + Level 11.4 Axes
 + Level 10.5 Armour
 * Level 9.9 Dodging
 + Level 10.5 Shields
 * Level 1.8 Spellcasting
 + Level 1.6 Earth Magic
 + Level 9.7 Evocations


You had 12 spell levels left.
You knew the following spells:

 Your Spells              Type           Power      Damage    Failure   Level
a - Passwall              Erth           5%         N/A       77%         3

Your spell library contained the following spells:

 Spells                   Type           Power      Damage    Failure   Level
 Sandblast                Erth           10%        2d5       38%         1
 Apportation              Tloc           2%         N/A       63%         1
 Necrotise                Necr           4%         1d4       63%         1
 Sting                    Conj/Alch      4%         1d3       63%         1
 Summon Small Mammal      Summ           4%         N/A       63%         1
 Call Imp                 Summ           2%         N/A       77%         2
 Ensorcelled Hibernation  Hex/Ice        2%         N/A       77%         2
 Jinxbite                 Hex            2%         N/A       77%         2
 Sublimation of Blood     Necr           1%         N/A       77%         2
 Stone Arrow              Conj/Erth      6%         3d7       86%         3
 Call Canine Familiar     Summ           1%         N/A       94%         3
 Swiftness                Air            1%         N/A       94%         3
 Vampiric Draining        Necr           1%         2d6       94%         3
 Volatile Blastmotes      Fire/Tloc      2%         2d10      94%         3
 Animate Armour           Summ/Erth      6%         N/A       99%         4
 Brom's Barrelling Bould  Conj/Erth      3%         2d3       99%         4
 Fulminant Prism          Conj/Alch      0%         3d5       100%        4
 Iskenderun's Mystic Bla  Conj/Tloc      1%         2d3       100%        4
 Martyr's Knell           Necr/Summ      1%         N/A       100%        4
 Passage of Golubria      Tloc           1%         N/A       100%        4
 Summon Blazeheart Golem  Fire/Summ      1%         N/A       100%        4
 Summon Lightning Spire   Summ/Air       1%         N/A       100%        4
 Curse of Agony           Necr           1%         N/A       100%        5
 Lee's Rapid Deconstruct  Erth           2%         3d5*      100%        5
 Silence                  Hex/Air        0%         N/A       100%        5
 Summon Forest            Summ/Tloc      0%         N/A       100%        5
 Yara's Violent Unravell  Hex/Alch       0%         3d3       100%        5
 Eringya's Noxious Bog    Alch           0%         4d6       100%        6
 Enfeeble                 Hex            0%         N/A       100%        7
 Summon Hydra             Summ           0%         N/A       100%        7
 Lehudib's Crystal Spear  Conj/Erth      1%         10d2      100%        8


Dungeon Overview and Level Annotations

Branches:
Dungeon (15/15)            Temple (0/1) D:4            Lair (0/5) D:9
    Orc (0/2) D:12         Vaults (0/5) D:14        Gauntlet (visited)
 Depths: D:15

Altars:
Ashenzari
Cheibriados
Gozag
Hepliaklqana
Makhleb
Nemelex Xobeh
Qazlal
Sif Muna
Trog
Vehumet
Wu Jian
Xom
Yredelemnul
Zin

Shops:
D:6 *   D:10 !


Innate Abilities, Weirdness & Mutations

You can walk on water.
Your facial features are unmistakably orcish.
Your spellcasting is much less encumbered by armour.
You can use scrolls of enchantment on lesser artefacts.
You have sharp fingernails.
You sometimes lose your temper in combat.
You are somewhat resistant to further mutation.


Message History

You slash the boulder beetle!
The boulder beetle looks as sick as possible!
The boulder beetle is lightly wounded.
The boulder beetle bites you.
The deep elf pyromancer hits you but does no damage.
You closely miss the deep elf pyromancer.
You hit the boulder beetle but do no damage.
The boulder beetle looks as sick as possible!
You block the deep elf pyromancer's attack.
The boulder beetle bites you.
You hit the deep elf pyromancer.
The deep elf pyromancer is poisoned.
The deep elf pyromancer is lightly wounded.
You hit the boulder beetle but do no damage.
The boulder beetle looks as sick as possible!
The deep elf pyromancer hits you but does no damage.
The boulder beetle bites you!
* * * LOW HITPOINT WARNING * * *
You slice the deep elf pyromancer!!
The deep elf pyromancer looks as sick as possible!
The deep elf pyromancer is severely wounded.
You hit the boulder beetle.
The boulder beetle looks as sick as possible!
You block the deep elf pyromancer's attack.
The boulder beetle leaps!
You hit the deep elf pyromancer.
The deep elf pyromancer looks as sick as possible!
The deep elf pyromancer is almost dead.
The deep elf pyromancer closely misses you.
You slice the deep elf pyromancer!!
You kill the deep elf pyromancer!
Beogh accepts your kill.
The fire elemental disappears in a puff of smoke!
You hit the skeletal warrior but do no damage.
You block the skeletal warrior's attack. x2
You closely miss the skeletal warrior.
The skeletal warrior is moderately damaged.
The skeletal warrior hits you with a +0 long sword!
* * * LOW HITPOINT WARNING * * *
The skeletal warrior hits you from afar with a +0 glaive!!
You die...

.#...#.#.#......###..#.......
.#...#.#.#........#.)#.......
.###+#.#.##########..#zz.z...
.. ..#..........[S.z°......
... ..#.#######B#####.......
... #.# #z# ...#### #.# #z#
...# #z# ...# #@# ...# #)#
...# #§# ...# #.# #.# #.# ..+
..# ..# ..# ..# ..# ..#


You could see a boulder beetle (extremely poisoned) and 3 skeletal warriors.

Vanquished Creatures
  A broodmother (D:14)
  Nessos (D:15)
  A minotaur (Gauntlet)
  7 vault guards (D:14)
  A catoblepas (D:13)
  4 centaur warriors
  A two-headed ogre (D:10)
  4 boulder beetles
  A vampire mage (D:13)
  2 tengu warriors (D:15)
  2 skeletal warriors (D:15)
  An arcanist (Gauntlet)
  A harpy (D:14)
  3 deep elf pyromancers
  An orc knight (D:15)
  5 manticores
  5 cyclopes
  A black mamba (shapeshifter) (D:15)
  A cane toad (D:5)
  A cane toad (shapeshifter) (D:14)
  4 yaktaurs
  Maggie (D:7)
  2 minotaur zombies (Gauntlet)
  A komodo dragon (D:12)
  3 tengu conjurers
  3 efreet
  2 trolls
  Prince Ribbit (D:7)
  2 raiju (shapeshifter)
  4 slime creatures
  A centaur simulacrum (D:14)
  4 shadows
  17 yaks
  A water elemental (D:12)
  A wyvern (D:8)
  A basilisk (D:14)
  A basilisk (shapeshifter) (D:14)
  14 vampire mosquitoes
  An acid dragon (D:14)
  An ice beast (D:7)
  6 orc warriors
  A black bear (D:8)
  2 sky beasts (D:6)
  3 laughing skulls (D:14)
  An ogre (D:6)
  6 centaurs
  A phantom (D:7)
  2 kobold brigands
  3 bullfrogs
  2 gnoll sergeants (D:10)
  2 scorpions
  8 wights
  2 killer bees (D:9)
  3 howler monkeys
  An electric eel (D:12)
  2 bombardier beetles
  A crimson imp (D:9)
  6 hounds
  5 jellies
  11 orc priests
  A gnoll bouda (D:6)
  Natasha (thrice) (D:3)
  2 iguanas
  11 orc wizards
  Terence (D:2)
  17 gnolls
  8 adders
  2 shadow imps
  3 white imps
  4 dart slugs
  2 ribbon worms (D:3)
  34 orcs
  9 ball pythons
  4 bats
  7 endoplasms
  7 goblins
  4 hobgoblins
  4 quokkas
  4 frilled lizards
  8 kobolds
  6 rats
318 creatures vanquished.

Vanquished Creatures (collateral kills)
  A two-headed ogre (D:12)
  A centaur warrior (D:13)
  An ugly thing (D:13)
  A shining eye (D:14)
  A troll (D:12)
  A shadow (D:12)
  A slime creature (D:12)
  A yak (D:9)
  An acid dragon (D:12)
  An orc warrior (D:12)
  An electric eel (D:12)
  2 orc priests (D:12)
  3 orc wizards
  3 kobolds (D:11)
19 creatures vanquished.

Vanquished Creatures (others)
  A vault guard (D:14)
  3 orc apostles
  An efreet (D:13)
  A yaktaur (D:14)
  A centaur simulacrum (D:14)
  2 acid dragons (D:11)
  A killer bee (D:9)
  A howler monkey (D:11)
  An electric eel (D:12)
  An orc wizard (D:9)
  A shadow imp (D:5)
  5 orcs
  A kobold (D:11)
20 creatures vanquished.

Grand Total: 357 creatures vanquished

Notes
Turn   | Place    | Note
-------+----------+-------------------------------------------
     0 | D:1      | Juicyj the Mountain Dwarf Fighter began the quest for the
                  | Orb.
     0 | D:1      | Reached XP level 1. HP: 19/19 MP: 1/1
   372 | D:1      | Reached XP level 2. HP: 26/26 MP: 2/2
   610 | D:2      | Found a faded altar of an unknown god.
  1000 | D:2      | Reached XP level 3. HP: 31/31 MP: 3/3
  1232 | D:2      | Reached skill level 3 in Axes
  1232 | D:2      | Reached skill level 1 in Dodging
  1580 | D:2      | Noticed Terence
  1595 | D:2      | Killed Terence
  1596 | D:2      | Reached XP level 4. HP: 13/40 MP: 4/4
  1820 | D:3      | Noticed Natasha
  1821 | D:3      | Reached XP level 5. HP: 46/46 MP: 5/5
  1828 | D:3      | Identified the amulet of Arrival {+Inv rC+ Will+ Regen+}
  1833 | D:3      | Killed Natasha
  2276 | D:3      | Noticed Natasha
  2281 | D:3      | Killed Natasha
  2426 | D:3      | Noticed Natasha
  2432 | D:3      | Killed Natasha
  2433 | D:3      | Reached XP level 6. HP: 52/52 MP: 6/6
  2514 | D:4      | Found a hazy altar of Hepliaklqana.
  2622 | D:4      | Found a basalt altar of Yredelemnul.
  2632 | D:4      | Reached skill level 1 in Evocations
  2916 | D:4      | Found a staircase to the Ecumenical Temple.
  3086 | D:4      | Reached skill level 4 in Axes
  3565 | D:5      | Entered Level 5 of the Dungeon
  3687 | D:5      | Found a transporter.
  3741 | D:5      | Reached XP level 7. HP: 53/60 MP: 7/7
  3808 | D:5      | Noticed a kobold demonologist
  3817 | D:5      | Found a transporter.
  4101 | D:5      | Identified the ring of Grace {rCorr Str+3 Int+2}
  4210 | D:5      | a kobold demonologist changed into a cane toad
  4210 | D:5      | Noticed a cane toad
  4215 | D:5      | Became a worshipper of Beogh the Shepherd
  4227 | D:5      | Killed a cane toad
  4228 | D:5      | Reached skill level 5 in Fighting
  4228 | D:5      | Reached skill level 5 in Axes
  4228 | D:5      | Reached skill level 5 in Armour
  4228 | D:5      | Reached skill level 5 in Shields
  4228 | D:5      | Reached XP level 8. HP: 46/68 MP: 8/8
  4816 | D:6      | Found Xautwin's Assorted Antiques.
  4828 | D:6      | Bought a thick silver amulet for 125 gold pieces
  5030 | D:7      | Noticed Maggie
  5059 | D:6      | Reached skill level 6 in Axes
  5059 | D:6      | Reached XP level 9. HP: 75/75 MP: 9/9
  5072 | D:7      | Killed Maggie
  5072 | D:7      | Reached * piety under Beogh
  5128 | D:7      | You fall into a shaft and drop 3 floors!
  5128 | D:10     | Entered Level 10 of the Dungeon
  5146 | D:10     | Reached skill level 5 in Dodging
  5162 | D:10     | Noticed a two-headed ogre
  5173 | D:10     | Killed a two-headed ogre
  5174 | D:10     | Reached skill level 5 in Evocations
  5241 | D:10     | Reached skill level 7 in Axes
  5330 | D:9      | Found a staircase to the Lair.
  5333 | D:9      | Found a shimmering blue altar of Sif Muna.
  5387 | D:9      | Reached XP level 10. HP: 78/86 MP: 10/10
  5479 | D:8      | Reached ** piety under Beogh
  5544 | D:7      | Gained mutation: Your spells are a little harder to cast,
                  | but a little more powerful. [potion of mutation]
  5544 | D:7      | Gained mutation: Your spells are harder to cast, but more
                  | powerful. [potion of mutation]
  5608 | D:7      | Noticed a boulder beetle
  5633 | D:7      | Killed a boulder beetle
  6049 | D:7      | Noticed Prince Ribbit
  6060 | D:7      | Killed Prince Ribbit
  6723 | D:8      | Reached skill level 8 in Axes
  7008 | D:8      | Identified the +0 robe of Bolocs {^Contam rC+ Regen+
                  | Stlth+}
  7184 | D:9      | Found a stormy altar of Qazlal.
  7184 | D:9      | Found a glowing silver altar of Zin.
  7425 | D:9      | Found a burning altar of Makhleb.
  7433 | D:9      | Found a radiant altar of Vehumet.
  7491 | D:9      | Found a shimmering altar of Xom.
  7556 | D:9      | Found a shimmering altar of Xom.
  7918 | D:10     | Reached XP level 11. HP: 88/94 MP: 8/11
  7962 | D:10     | Found Jenagung's Distillery.
  7981 | D:10     | Found a sparkling altar of Nemelex Xobeh.
  7981 | D:10     | Found an ornate altar of the Wu Jian Council.
  7981 | D:10     | Found a broken altar of Ashenzari.
  7996 | D:10     | Found a bloodstained altar of Trog.
  8002 | D:10     | Found an opulent altar of Gozag.
  8373 | D:11     | Noticed a boulder beetle
  8419 | D:11     | Killed a boulder beetle
  9460 | D:12     | Reached *** piety under Beogh
  9506 | D:12     | Noticed Agrik
  9509 | D:12     | Anointed Agrik the wizard as your apostle
  9754 | D:12     | Noticed a two-headed ogre
  9760 | D:12     | Killed a two-headed ogre
  9761 | D:12     | Reached skill level 9 in Axes
  9827 | D:12     | Noticed a deep elf pyromancer
  9839 | D:12     | Killed a deep elf pyromancer
 10199 | D:12     | Found a staircase to the Orcish Mines.
 10408 | D:12     | Lost mutation: Your spells are harder to cast, but more
                  | powerful. [potion of mutation]
 10408 | D:12     | Lost mutation: Your spells are a little harder to cast, but
                  | a little more powerful. [potion of mutation]
 10408 | D:12     | Gained mutation: You sometimes lose your temper in combat.
                  | [potion of mutation]
 10408 | D:12     | Gained mutation: You have sharp fingernails. [potion of
                  | mutation]
 10408 | D:12     | Gained mutation: You are somewhat resistant to further
                  | mutation. [potion of mutation]
 10420 | D:13     | Noticed a red ugly thing
 10420 | D:13     | Noticed a centaur warrior
 10425 | D:13     | Killed a red ugly thing
 10426 | D:13     | Reached XP level 12. HP: 88/104 MP: 12/12
 10429 | D:13     | Killed a centaur warrior
 10445 | D:13     | Noticed a catoblepas
 10469 | D:13     | Killed a catoblepas
 10511 | D:13     | Noticed Wulfoc
 10523 | D:13     | Anointed Wulfoc the priest as your apostle
 10546 | D:13     | Noticed a centaur warrior
 10550 | D:13     | Noticed a centaur warrior
 10556 | D:13     | Killed a centaur warrior
 10584 | D:13     | Your ally Wulfoc died
 10590 | D:13     | Killed a centaur warrior
 10633 | D:13     | Your ally Agrik died
 10685 | D:13     | Found a flickering gateway to a bazaar.
 10696 | Bazaar   | Entered a bazaar
 10696 | Bazaar   | Found Loblont's Weapon Shoppe.
 10696 | Bazaar   | Found Yxtiru Sewu's Antique Armour Shoppe.
 10696 | Bazaar   | Found Susaefa's General Store.
 10705 | Bazaar   | Bought a pair of runed gloves for 232 gold pieces
 10716 | Bazaar   | Bought a scroll of blinking for 97 gold pieces
 10722 | Bazaar   | Bought a pair of runed boots for 232 gold pieces
 10808 | D:13     | Found a gate leading to a gauntlet.
 10826 | Gauntlet | Entered a Gauntlet
 10826 | Gauntlet | Found a transporter.
 10826 | Gauntlet | Found a runed translucent door.
 10826 | Gauntlet | Found a transporter.
 10886 | Gauntlet | Found a transporter.
 10898 | Gauntlet | Found a transporter.
 10898 | Gauntlet | Found a transporter.
 10901 | Gauntlet | Found a transporter.
 10913 | Gauntlet | Found a runed translucent door.
 10924 | Gauntlet | Found a transporter.
 10942 | Gauntlet | Found a transporter.
 10944 | Gauntlet | Found a transporter.
 10944 | Gauntlet | Found a transporter.
 10954 | Gauntlet | Noticed a hell hog
 10956 | Gauntlet | Found a transporter.
 10972 | Gauntlet | Found a transporter.
 10982 | Gauntlet | Found a transporter.
 10996 | Gauntlet | Found a transporter.
 11011 | Gauntlet | Noticed a catoblepas
 11260 | Gauntlet | Reached skill level 10 in Axes
 11456 | Gauntlet | Identified the +1 helmet "Dufut" {rElec}
 11457 | Gauntlet | Identified the ring of Rofrin {rPois rC+ Dex+4}
 11482 | Gauntlet | Noticed a minotaur
 11490 | Gauntlet | Killed a minotaur
 12220 | D:13     | Noticed a vampire mage
 12243 | D:13     | Killed a vampire mage
 12243 | D:13     | Reached **** piety under Beogh
 12554 | D:14     | Noticed a boulder beetle
 12570 | D:14     | Killed a boulder beetle
 12584 | D:14     | Noticed a tengu warrior
 12609 | D:15     | Entered Level 15 of the Dungeon
 12694 | D:15     | Killed a tengu warrior
 12695 | D:15     | Reached skill level 10 in Fighting
 13096 | D:14     | Reached XP level 13. HP: 105/113 MP: 8/13
 13221 | D:14     | a ten-headed hydra changed into a broodmother
 13221 | D:14     | Noticed a broodmother
 13227 | D:14     | HP: 4/113 [broodmother (19)]
 13233 | D:14     | Killed a broodmother
 13234 | D:14     | Reached skill level 10 in Shields
 13626 | D:14     | Identified the +8 plate armour of Starshine {rElec}
 13627 | D:14     | Reached skill level 10 in Armour
 13661 | D:14     | Anointed Warrok the warrior as your apostle
 13885 | D:14     | Found a gate to the Vaults.
 13922 | D:14     | Reached skill level 11 in Axes
 13934 | D:14     | Your ally Warrok died
 14378 | D:15     | Noticed Nessos
 14379 | D:15     | Upgraded the game from 0.32-a0-616-g9348d4545b to
                  | 0.32-a0-630-g46d191b0ed
 14390 | D:15     | Killed Nessos
 14395 | D:15     | Learned a level 3 spell: Passwall
 14454 | D:15     | Found a snail-covered altar of Cheibriados.
 14475 | D:15     | Reached ***** piety under Beogh
 14745 | D:15     | Reached skill level 1 in Spellcasting
 14746 | D:15     | Reached skill level 1 in Earth Magic
 14960 | D:15     | Slain by a skeletal warrior

Illustrated notes

Levels and vault maps discovered:
D:1:      psy_arrival_terrarium, layout_basic
D:2:      layout_basic, serial_glass, glass_columns_a, glass_columns_b,
          basic_ecumenical_altar, minmay_snake_closets, uniq_terence
D:3:      layout_basic, uniq_natasha
D:4:      layout_basic, nzn_hepliaklqana_mist_gate,
          mainiacjoe_overflow_brackets, temple_green,
          chequers_serial_rivers_small_a, nicolae_hexahallways,
          serial_library_hellmonk_small_corner
D:5:      gammafunk_wand_slinger, layout_loops_cross, amcnicky_mini_pool_small,
          eino_small_chamber_without_monster
D:6:      layout_basic, serial_shops, nicolae_shop_waterfront
D:7:      layout_basic, uniq_prince_ribbit1, uniq_maggie
D:8:      layout_loops_cross
D:9:      layout_cave_pools, grunt_temple_overflow_lords_of_destruction,
          mainiacjoe_overflow_divided_tiny, xom_shifter_show,
          mainiacjoe_overflow_chevrons, lair_entry_dummy
D:10:     layout_roguey, minmay_overflow_temple_star_hex, serial_shops, shop
D:11:     layout_loops_cross, st_stairs_7
D:12:     layout_basic, erik_orc_2
D:13:     layout_roguey, gauntlet_entry_generic, serial_shops, bzr_firewalk,
          nzn_life_drinkers
D:14:     layout_basic, erik_vaults_2, minmay_misc_feat_pillars, minivault_28
D:15:     grunt_enter_depths_snipers, layout_irregular_city,
          hangedman_decor_lopped, slow_altar_1, uniq_nessos

Skill      XL: |  1  2  3  4  5  6  7  8  9 10 11 12 13 |
---------------+----------------------------------------+-----
Axes           | 3 4 5 6 7 8 9 10 11 | 11.4
Dodging        | 1 2 3 4 5 6 8 9 |  9.9
Shields        | 4 5 6 7 8 9 10 | 10.5
Fighting       | 4 5 6 7 8 9 10 | 10.8
Armour         | 4 5 6 7 8 9 10 | 10.5
Evocations     | 1 3 4 5 6 7 9 |  9.7
Spellcasting   | 1 |  1.8
Earth Magic    | 1 |  1.6

Action                     |  1- 3 |  4- 6 |  7- 9 | 10-12 | 13-15 || total
---------------------------+-------+-------+-------+-------+-------++-------
  Melee: War axe           |   115 |   147 |   268 |   637 |   214 ||  1381
  Throw: Throwing net      |       |       |       |     2 |       ||     2
 Invoke: Convert to Beogh  |       |       |     1 |       |       ||     1
         Recruit Apostle   |       |       |       |     2 |     1 ||     3
         Dismiss Apostle   |       |       |       |     2 |     1 ||     3
  Evoke: Wand              |       |       |     2 |    32 |    23 ||    57
    Use: Scroll            |       |    10 |       |    15 |     6 ||    31
         Potion            |       |     3 |     1 |     7 |     4 ||    15
   Stab: Invisible         |       |       |     1 |     1 |     1 ||     3
         Petrified         |       |       |     7 |     4 |       ||    11
         Confused          |       |       |     1 |     2 |       ||     3
         Petrifying        |       |       |     1 |     1 |       ||     2
         Paralysed         |       |       |     1 |       |       ||     1
         Distracted        |       |       |       |     3 |       ||     3
 Armour: Plate armour      |   105 |   112 |   181 |   566 |   241 ||  1205
  Dodge: Dodged            |    37 |    79 |   129 |   348 |    84 ||   677
  Block: Buckler           |    13 |       |       |       |       ||    13
         Kite shield       |    24 |    61 |   127 |   373 |   144 ||   729

Table legend: (Time is in decaauts)
 A = Elapsed time spent in this place.
 B = Non-inter-level travel time spent in this place.
 C = Inter-level travel time spent in this place.
 D = Time resting spent in this place.
 E = Time spent auto-exploring this place.
 F = Levels seen in this place.
 G = Mean time per level.
                   A        B        C        D        E       F      G
               +--------+--------+--------+--------+--------+-----+--------+
         Total |  15318 |  14645 |    673 |   1334 |   9478 |  17 |  901.1 |
       Dungeon |  14407 |  13734 |    673 |   1285 |   9035 |  15 |  960.5 |
        Bazaar |     43 |     43 |      0 |      0 |     13 |   1 |   43.0 |
      Gauntlet |    866 |    866 |      0 |     49 |    430 |   1 |  866.0 |
               +--------+--------+--------+--------+--------+-----+--------+

Top non-repeatable levels by time:
    D:14: 1604 daAuts
    D:12: 1220 daAuts
     D:2: 1168 daAuts
    D:11: 1166 daAuts
    D:13: 1162 daAuts
     D:7: 1150 daAuts
     D:4: 1146 daAuts
Gauntlet: 866 daAuts
    D:15: 851 daAuts
     D:6: 814 daAuts
     D:5: 757 daAuts
     D:3: 753 daAuts
    D:10: 734 daAuts
     D:8: 702 daAuts
     D:1: 599 daAuts
